AoeStats
← y3imy3

Nomad

503239394Analyzed
4v4 RM · 2mo ago on Aug 30, 2026· 43m 11s· 8 players
Game mode
Random Map
Map size
231×231
Population
200
Speed
Normal
Resources
Standard
Victory
Conquest
Starting age
Dark Age
Ending age
Imperial Age
RankedLock teamsTeams togetherTeam positionsShared explorationLock speedFull tech treeHidden civsTurbo modeCheats
Victory
Defeat
🇹🇼 Malians · Taiwan
1314
+17
🇨🇴 Goths · Colombia
1309
+17
🇺🇸 Spanish · United States
1306
+17
🇺🇸 Vietnamese · United States
1288
+18
vs
🇬🇧 Vikings · United Kingdom
1352
-18
🇨🇱 Japanese · Chile
1348
-18
🇧🇷 Magyars · Brazil
1337
-18
🇬🇷 Italians · Greece
1287
-15
lordraiden36
5:09 Loom
15:05 Feudal Age
19:52 Castle Age
18:07 Horse Collar
21:43 Double-Bit Axe
25:46 Wheelbarrow
28:55 Fletching
29:33 Bodkin Arrow
29:34 Gold Mining
31:33 Scale Mail Armor
31:43 Forging
31:35 Padded Archer Armor
31:49 Forging
31:42 Scale Mail Armor
31:35 Town Watch
34:38 Chain Mail Armor
34:58 Iron Casting
34:34 Squires
34:19 Arson
38:12 Imperial Age
37:49 Hand Cart
37:52 Bow Saw
38:18 Elite Fire Lancer
39:30 Plate Mail Armor
40:30 Two-Man Saw
42:38 Town Patrol
mR_GrincH_
3:19 Loom
13:43 Feudal Age
14:25 Double-Bit Axe
15:10 Town Watch
18:52 Wheelbarrow
22:08 Castle Age
21:15 Stone Mining
21:24 Fishing Lines
22:40 Demolition Ship
23:36 Medium Warships
24:02 Bow Saw
25:24 Fletching
27:00 Gillnets
28:01 Bodkin Arrow
30:39 Hand Cart
33:31 Horse Collar
37:15 Imperial Age
35:17 Gold Mining
37:28 Bloodlines
37:18 Husbandry
37:55 Padded Archer Armor
38:08 Bracer
39:12 Stone Shaft Mining
38:08 Elite Conquistador
40:45 Leather Archer Armor
42:55 Onager
y3imy3
5:37 Loom
14:58 Feudal Age
18:58 Castle Age
17:27 Stone Mining
17:23 Man-at-Arms
17:52 Double-Bit Axe
18:27 Scale Mail Armor
19:22 Arson
19:15 Long Swordsman
22:57 Chain Mail Armor
23:16 Horse Collar
23:48 Bow Saw
29:18 Squires
32:02 Forging
32:52 Wheelbarrow
33:52 Iron Casting
33:25 Stone Mining
40:11 Imperial Age
38:35 Town Watch
39:05 Hand Cart
40:15 Two-Handed Swordsman
40:55 Capped Ram
40:57 Champion
42:12 Plate Mail Armor
Morlhaw
3:29 Loom
13:42 Feudal Age
15:59 Town Watch
17:50 Fletching
20:55 Castle Age
21:42 Bodkin Arrow
25:13 Crossbowman
36:54 Padded Archer Armor
Jonsey8
4:55 Loom
14:15 Feudal Age
19:49 Castle Age
19:32 Double-Bit Axe
21:54 Stone Mining
24:33 Fishing Lines
29:05 Bow Saw
john wick
10:48 Loom
14:41 Feudal Age
16:43 Double-Bit Axe
19:53 Castle Age
18:15 Fletching
18:22 Horse Collar
21:45 Bodkin Arrow
21:51 Scale Mail Armor
22:01 Forging
27:28 Town Watch
30:37 Chain Mail Armor
30:22 Arson
31:55 Squires
34:42 Wheelbarrow
34:26 Gambesons
Zzulu
4:43 Loom
13:24 Feudal Age
15:27 Scale Mail Armor
15:29 Fishing Lines
21:29 Castle Age
19:18 Double-Bit Axe
20:39 Horse Collar
22:41 Heavy Plow
22:48 Gillnets
23:10 Medium Warships
26:10 Bow Saw
28:22 Wheelbarrow
27:32 Town Watch
33:27 Imperial Age
32:10 Fletching
32:20 Padded Archer Armor
32:43 Ballistics
32:34 Masonry
33:35 Bodkin Arrow
33:56 Leather Archer Armor
35:44 Bracer
36:21 Ring Archer Armor
39:13 Chemistry
38:35 Elite Genoese Crossbowman
39:35 Conscription
39:27 Stone Mining
39:28 Gold Mining
40:19 Hand Cart
40:04 Town Patrol
42:23 Stone Shaft Mining
wmolinari
12:14 Feudal Age
12:57 Town Watch
13:14 Double-Bit Axe
14:43 Loom
15:26 Horse Collar
17:49 Scale Barding Armor
19:24 Fletching
21:52 Castle Age
22:22 Bloodlines
22:07 Gold Mining
24:59 Chain Barding Armor
29:29 Husbandry
Connection lost

Rejoining the realm…

Still unreachable

The connection could not be restored.

Session expired

The server has moved on; the page needs a fresh start.